AoeStats
← Mjaguar

Arabia

509597499Analyzed
2v2 RM · 4d ago on Sep 27, 2026· 56m 58s· 4 players
Game mode
Random Map
Map size
Medium (4 player)
Population
200
Speed
Normal
Resources
Standard
Victory
Conquest
Starting age
Dark Age
Ending age
Imperial Age
RankedLock teamsTeams togetherTeam positionsShared explorationLock speedFull tech treeHidden civsTurbo modeCheats
Victory
Defeat
🇪🇸 Magyars · Spain
1069
+15
🇪🇸 Aztecs · Spain
1008
+17
🇹🇼 Persians · Taiwan
1095
-18
🇹🇼 Goths · Taiwan
988
-14
Mjaguar
6:34 Loom
9:26 Feudal Age
22:08 Castle Age
20:40 Fletching
23:39 Double-Bit Axe
24:29 Scale Barding Armor
25:52 Husbandry
27:16 Chain Barding Armor
29:00 Bloodlines
33:30 Wheelbarrow
35:30 Town Watch
40:05 Imperial Age
40:22 Corvinian Army
41:15 Murder Holes
42:52 Plate Barding Armor
44:57 Light Cavalry
50:35 Hussar
52:56 Hand Cart
KnGrathy
0:44 Loom
11:18 Feudal Age
22:39 Castle Age
21:42 Scale Mail Armor
29:37 Gambesons
31:11 Squires
36:55 Horse Collar
42:29 Gold Mining
44:24 Forging
49:04 Imperial Age
47:19 Gold Shaft Mining
47:22 Chain Mail Armor
49:27 Iron Casting
50:33 Wheelbarrow
49:47 Town Watch
50:48 Stone Mining
52:04 Plate Mail Armor
52:43 Blast Furnace
53:34 Elite Jaguar Warrior
55:32 Garland Wars
世紀帝國劉德華
4:58 Loom
11:05 Feudal Age
20:03 Fletching
34:02 Double-Bit Axe
34:00 Horse Collar
34:25 Gold Mining
36:55 Castle Age
36:18 Forging
36:09 Scale Mail Armor
36:31 Padded Archer Armor
38:30 Pikeman
39:11 Squires
41:33 Chain Mail Armor
41:54 Iron Casting
41:24 Bodkin Arrow
42:45 Bow Saw
43:22 Town Watch
45:28 Heavy Plow
45:37 Arson
47:49 Leather Archer Armor
48:07 Crossbowman
48:53 Thumb Ring
51:58 Gold Shaft Mining
51:20 Stone Mining
57:40 Imperial Age
阿龜仔
8:47 Loom
12:42 Feudal Age
13:45 Double-Bit Axe
19:06 Castle Age
17:20 Stone Mining
18:33 Horse Collar
21:05 Fletching
21:29 Bow Saw
21:14 Gold Mining
22:02 Stone Shaft Mining
21:41 Heavy Plow
26:51 Squires
27:30 Pikeman
29:28 Forging
29:20 Scale Mail Armor
30:59 Man-at-Arms
38:22 Long Swordsman
39:45 Scale Barding Armor
40:19 Iron Casting
40:10 Chain Mail Armor
44:26 Anarchy
Connection lost

Rejoining the realm…

Still unreachable

The connection could not be restored.

Session expired

The server has moved on; the page needs a fresh start.